 Dungeon Crawl Stone Soup version 0.30-a0-726-gd89dcf765f (webtiles) character file.

Game seed: 13971137688159286276

1633 pokeman the Thaumaturge (level 8, -1/44 HPs)
             Began as a Deep Elf Hedge Wizard on Jan 29, 2023.
             Was an Initiate of Vehumet.
             Killed from afar by a white imp (2 damage)
             ... with a puff of frost
             ... on level 7 of the Dungeon.
             The game lasted 00:13:00 (6613 turns).

pokeman the Thaumaturge (Deep Elf Hedge Wizard)     Turns: 6613, Time: 00:13:01

Health: -1/44      AC:  8    Str: 10    XL:     8   Next: 66%
Magic:  10/23      EV: 13    Int: 22    God:    Vehumet [......]
Gold:   402        SH:  0    Dex: 20    Spells: 18/26 levels left

rFire   + . .      SeeInvis .    q - +8 hammer "Ashoez" {speed, *Noise +Blink rN+ Str+3}
rCold   + . .      Faith    .    (no shield)
rNeg    + + .      Spirit   .    A - +0 robe {rC+ rF+}
rPois   .          Reflect  .    m - +0 helmet
rElec   .          Harm     .    p - +2 cloak
rCorr   .          Rampage  .    l - +0 pair of gloves
Will    .....                    v - +0 pair of boots
Stlth   +++                      (no amulet)
HPRegen 0.27/turn                g - +6 ring of dexterity
MPRegen 0.18/turn                w - ring of positive energy

@: no status effects
A: no striking features
a: Renounce Religion, Evoke Blink


You were on level 7 of the Dungeon.
You worshipped Vehumet.
Vehumet was noncommittal.
You visited 1 branch of the dungeon, and saw 7 of its levels.

You collected 402 gold pieces.

Inventory:

Hand Weapons
 o - a +3 quarterstaff of chaos
 q - the +8 hammer "Ashoez" (weapon) {speed, *Noise +Blink rN+ Str+3}
   (You found it on level 2 of the Dungeon)

   Str:       It affects your strength (+3).
   rN:        It protects you from negative energy.
   +Blink:    It lets you blink.
   *Noise:    It may make noises in combat.
Armour
 l - a +0 pair of gloves (worn)
 m - a +0 helmet (worn)
 p - a +2 cloak (worn)
 s - a +2 ring mail of fire resistance
 v - a +0 pair of boots (worn)
 A - a +0 robe of resistance (worn)
Magical Staves
 a - a staff of fire
Jewellery
 g - a +6 ring of dexterity (left hand)
 w - a ring of positive energy (right hand)
Wands
 n - a wand of roots (2)
 y - a wand of quicksilver (7)
Scrolls
 c - a scroll of silence {unknown}
 h - 8 scrolls of identify {unknown}
 i - 4 scrolls of enchant weapon {unknown}
 j - 5 scrolls of teleportation {unknown}
 x - a scroll of poison {unknown}
 z - 2 scrolls of immolation {unknown}
 C - a scroll of noise {unknown}
Potions
 b - a potion of curing {unknown}
 d - 3 potions of magic
 e - a potion of might {unknown}
 f - a potion of berserk rage {unknown}
 k - a potion of haste {unknown}
 r - 2 potions of degeneration {unknown}
 t - a potion of resistance {unknown}
 u - a potion of brilliance {unknown}
 B - a potion of heal wounds {unknown}
 D - a potion of lignification {unknown}


   Skills:
 - Level 2.0 Fighting
 + Level 2.8 Armour
 - Level 3.0 Dodging
 - Level 3.0 Stealth
 * Level 9.7 Spellcasting
 + Level 5.1 Conjurations
 - Level 2.1 Summonings
 - Level 2.0 Translocations
 + Level 4.4 Fire Magic
 - Level 1.0 Air Magic
 - Level 1.0 Poison Magic
 - Level 1.0 Evocations


You had 18 spell levels left.
You knew the following spells:

 Your Spells              Type           Power      Damage    Failure   Level
a - Magic Dart            Conj           100%       1d8       1%          1
b - Mephitic Cloud        Conj/Pois/Air  21%        N/A       7%          3
c - Call Imp              Summ           20%        N/A       3%          2
d - Blink                 Tloc           38%        N/A       4%          2

Your spell library contained the following spells:

 Spells                   Type           Power      Damage    Failure   Level
 Momentum Strike          Conj/Tloc      52%        3d9       2%          2
 Lesser Beckoning         Tloc           38%        N/A       4%          2
 Slow                     Hex            40%        N/A       6%          1
 Cigotuvi's Dreadful Rot  Necr/Pois/Air  26%        N/A       7%          2
 Anguish                  Hex/Necr       5%         N/A       52%         4
 Enfeeble                 Hex            5%         N/A       100%        7


Dungeon Overview and Level Annotations

Branches:
Dungeon (7/15)             Temple (0/1) D:5

Altars:
Fedhas
Gozag
Kikubaaqudgha
Qazlal
Uskayaw
Vehumet

Shops:
D:4 *


Message History

You sock the wyvern!
You kill the wyvern!
Vehumet accepts your kill. The white imp barely misses you.
Your Conjurations skill increases to level 5!
You barely miss the water moccasin.
The water moccasin is severely wounded.
The water moccasin bites you but does no damage.
You closely miss the water moccasin.
The water moccasin is severely wounded.
The water moccasin bites you but does no damage.
The white imp hits you but does no damage.
You closely miss the water moccasin.
The water moccasin is severely wounded.
The water moccasin misses you.
The white imp hits you but does no damage.
The orc wizard mumbles some strange words.
The orc wizard flickers and vanishes!
Deactivating autopickup; reactivate with Ctrl-A.
The water moccasin closely misses you.
You sock the water moccasin!
The water moccasin is almost dead.
The white imp hits you but does no damage.
The water moccasin bites you.
Casting: Mephitic Cloud (dangerous; 7% risk of failure)
Confirm with . or Enter, or press ? or * to list all spells.
A metallic apparition takes form in the air.
The water moccasin bites you. The white imp hits you.
The white imp freezes you. You resist.
* * * LOW HITPOINT WARNING * * *
The orc priest invokes the aid of Beogh against you.
Beogh smites you!
* * * LOW HITPOINT WARNING * * *
Unknown command.
You hit the water moccasin.
You kill the water moccasin!
Vehumet accepts your kill. The white imp gestures at you.
The puff of frost hits you. You resist.
You die...

..#.................
..#................
..#................ ..
..##...####.##..####+##..
..##...####'##..##...#...
..##......+......#.......
..........#......#.......
..........#......#....###
..........#...5.@#.......
..##.....##...##l5.o...#
..##.....##...##.h.###.#
..##......#............#
..........+.......).#......
.>####....#.....###.# ###..
#..).. ..# #..... #..$
#..### #.###


You could see a wyvern, a howler monkey, an orc priest, a white imp and a
friendly iron imp (summoned).

Vanquished Creatures
  Eustachio (D:5)
  A wyvern (D:7)
  A water moccasin (D:7)
  2 sky beasts
  2 ogres
  A necrophage (D:6)
  A scorpion (D:2)
  A howler monkey (D:4)
  A hound (D:5)
  3 jellies (D:4)
  3 orc priests
  Crazy Yiuf (D:2)
  An iguana (D:4)
  5 orc wizards
  A scorpion zombie (D:3)
  A hound zombie (D:3)
  6 gnolls (D:4)
  7 adders
  A shadow imp (D:7)
  An ufetubus (D:4)
  2 adder skeletons (D:3)
  An adder zombie (D:3)
  2 dart slugs
  13 orcs
  6 ball pythons
  6 endoplasms
  2 giant cockroaches (D:1)
  10 hobgoblins
  3 jackals
  6 kobolds
  A ball python zombie (D:3)
  4 bats
  2 frilled lizards (D:3)
  12 goblins
  2 rats (D:3)
113 creatures vanquished.

Vanquished Creatures (collateral kills)
  A water moccasin (D:7)
  A gnoll sergeant (D:7)
  Robin (D:2)
  A ball python (D:4)
  A goblin (D:2)
5 creatures vanquished.

Grand Total: 118 creatures vanquished

Notes
Turn   | Place    | Note
-------+----------+-------------------------------------------
     0 | D:1      | pokeman the Deep Elf Hedge Wizard began the quest for the
                  | Orb.
     0 | D:1      | Reached XP level 1. HP: 10/10 MP: 7/7
   399 | D:1      | Reached XP level 2. HP: 15/15 MP: 6/9
   932 | D:2      | Noticed Robin
  1239 | D:2      | Noticed a scorpion
  1258 | D:2      | Found a runed translucent door.
  1259 | D:2      | Noticed Crazy Yiuf
  1556 | D:2      | Reached XP level 3. HP: 19/19 MP: 4/11
  1560 | D:2      | Learned a level 3 spell: Mephitic Cloud
  1563 | D:2      | Learned a level 2 spell: Blink
  1566 | D:2      | Learned a level 2 spell: Call Imp
  1627 | D:2      | Killed Robin
  2082 | D:2      | Killed a scorpion
  2083 | D:2      | Reached skill level 5 in Spellcasting
  2083 | D:2      | Reached XP level 4. HP: 18/24 MP: 7/13
  2361 | D:2      | Killed Crazy Yiuf
  2362 | D:2      | Reached XP level 5. HP: 26/28 MP: 6/14
  2374 | D:2      | Identified the +8 hammer "Ashoez" {speed, *Noise +Blink rN+
                  | Str+3}
  2473 | D:3      | Found a hide-covered altar of Uskayaw.
  2569 | D:3      | Reached skill level 1 in Poison Magic
  2906 | D:3      | Reached skill level 1 in Air Magic
  3244 | D:3      | Reached skill level 6 in Spellcasting
  3244 | D:3      | Reached skill level 1 in Fire Magic
  3248 | D:3      | Reached skill level 1 in Evocations
  3248 | D:3      | Reached XP level 6. HP: 33/33 MP: 3/17
  4022 | D:4      | Found an opulent altar of Gozag.
  4099 | D:4      | Reached skill level 1 in Fighting
  4099 | D:4      | Reached skill level 1 in Armour
  4467 | D:4      | Found Ekoluh's Eclectic Emporium.
  4473 | D:4      | Reached XP level 7. HP: 38/38 MP: 13/19
  4492 | D:4      | Reached skill level 7 in Spellcasting
  4891 | D:4      | Found a stormy altar of Qazlal.
  4963 | D:5      | Entered Level 5 of the Dungeon
  5339 | D:5      | Found a radiant altar of Vehumet.
  5372 | D:5      | Became a worshipper of Vehumet
  5517 | D:5      | Found an ancient bone altar of Kikubaaqudgha.
  5518 | D:5      | Found a blossoming altar of Fedhas.
  5590 | D:5      | Noticed Eustachio
  5609 | D:5      | Killed Eustachio
  5610 | D:5      | Reached skill level 8 in Spellcasting
  5610 | D:5      | Reached XP level 8. HP: 44/44 MP: 18/22
  5675 | D:5      | Found a staircase to the Ecumenical Temple.
  6520 | D:7      | Reached skill level 9 in Spellcasting
  6608 | D:7      | Reached skill level 5 in Conjurations
  6612 | D:7      | HP: 1/44 [orc priest/divine providence (12)]
  6613 | D:7      | Killed from afar by a white imp

Illustrated notes

Levels and vault maps discovered:
D:1:      minmay_arrival_plants_in_alcoves, layout_loops_ring,
          minmay_misc_feat_plants, minmay_tromino_i4
D:2:      layout_basic, uniq_crazy_yiuf_cottage, uniq_robin
D:3:      layout_basic, mainiacjoe_overflow_catwalk, serial_undead,
          serial_undead_b, serial_undead_f, serial_undead_e, serial_undead_a
D:4:      layout_rooms, mainiacjoe_overflow_alcove_4,
          mainiacjoe_overflow_brackets, serial_curves, eino_curves_03,
          eino_curves_03, eino_curves_02, nicolae_alphabet_shops
D:5:      layout_cave_pools, grunt_temple_overflow_growth_and_decay,
          fiery_altar_vehumet, minmay_temple_entry_mini_moons,
          nicolae_elevator_lobby_plus, uniq_eustachio
D:6:      layout_rooms
D:7:      hangedman_cross_stitches, layout_gridville, nzn_wu_jian_council_hall,
          mainiacjoe_overflow_alcove_1, serial_bayou, serial_bayou_shore_b,
          serial_bayou_lagoon_a, serial_bayou_pond_e, serial_bayou_pond_d,
          uniq_maggie

Skill      XL: |  1  2  3  4  5  6  7  8 |
---------------+-------------------------+-----
Dodging        | 3 |  3.0
Stealth        | 3 |  3.0
Spellcasting   | 5 6 8 9 |  9.7
Conjurations   | 2 3 4 5 |  5.1
Summonings     | 2 |  2.1
Translocations | 2 |  2.0
Poison Magic   | 1 |  1.0
Air Magic      | 1 |  1.0
Fire Magic     | 1 2 3 4 |  4.4
Evocations     | 1 |  1.0
Fighting       | 1 2 |  2.0
Armour         | 1 2 |  2.8

Action                     |  1- 3 |  4- 6 |  7- 9 || total
---------------------------+-------+-------+-------++-------
  Melee: Dagger            |     5 |     1 |       ||     6
         Mace              |       |    23 |    68 ||    91
   Cast: Magic Dart        |    89 |   142 |    75 ||   306
         Call Imp          |     2 |     3 |     5 ||    10
         Mephitic Cloud    |     1 |     5 |    17 ||    23
         Blink             |       |       |     1 ||     1
  Evoke: Wand              |       |       |     2 ||     2
   Stab: Confused          |     2 |     1 |     9 ||    12
 Armour: Robe              |     4 |    17 |    34 ||    55
  Dodge: Dodged            |    25 |    33 |    44 ||   102

Table legend: (Time is in decaauts)
 A = Elapsed time spent in this place.
 B = Non-inter-level travel time spent in this place.
 C = Inter-level travel time spent in this place.
 D = Time resting spent in this place.
 E = Time spent auto-exploring this place.
 F = Levels seen in this place.
 G = Mean time per level.
                   A        B        C        D        E       F      G
               +--------+--------+--------+--------+--------+-----+--------+
         Total |   6606 |   6446 |    160 |    637 |   4618 |   7 |  943.7 |
       Dungeon |   6606 |   6446 |    160 |    637 |   4618 |   7 |  943.7 |
               +--------+--------+--------+--------+--------+-----+--------+

Top non-repeatable levels by time:
     D:2: 1585 daAuts
     D:3: 1284 daAuts
     D:1: 1071 daAuts
     D:4: 1021 daAuts
     D:5: 869 daAuts
     D:6: 637 daAuts
     D:7: 135 daAuts
